 Dungeon Crawl Stone Soup version 0.31.0 (webtiles) character file.

Game seed: 8009191008465557677

1796 dorian the Grappler (level 9, -2/62 HPs)
             Began as an Octopode Shapeshifter on Jan 19, 2024.
             Was an Initiate of Wu Jian.
             Killed from afar by an orc wizard (7 damage)
             ... with a magic dart
             ... on level 6 of the Dungeon.
             The game lasted 00:11:39 (4696 turns).

dorian the Grappler (Octopode Shapeshifter)         Turns: 4696, Time: 00:11:39

Health: -2/62      AC:  1    Str: 16    XL:     9   Next: 9%
Magic:  9/9        EV: 15    Int: 12    God:    Wu Jian [......]
Gold:   252        SH:  0    Dex: 13    Spells: 8/8 levels left

rFire   . .          .
                       - Unarmed
rCold   . . .        (no shield)
rNeg    . . .        (helmet currently unavailable)
rPois   .            (no amulet)
rElec   .            (no ring)
rCorr   .            (no ring)
SInv    .            (no ring)
Will    .....        (no ring)
Stlth   +++          (no ring)
HPRegen 0.30/turn    (no ring)
MPRegen 0.11/turn    (no ring)
                     (no ring)

%: no passive effects
@: beast-form
A: beast (slay +4), almost no armour, amphibious, 8 rings, camouflage 1,
gelatinous body 1, nimble swimmer 1, tentacles
a: Begin Untransformation, Renounce Religion


You were on level 6 of the Dungeon.
You worshipped Wu Jian.
Wu Jian was noncommittal.
You were a hulking beast.
You visited 2 branches of the dungeon, and saw 7 of its levels.
You also visited: Sewer.

You collected 252 gold pieces.

Inventory:

Missiles
 a - 13 poisoned darts
 d - 2 throwing nets (quivered)
 p - 3 boomerangs
Magical Staves
 j - a staff of cold
Talismans
 b - a beast talisman
 c - a flux talisman
 o - a serpent talisman
Scrolls
 l - 2 scrolls of blinking {unknown}
 q - a scroll of fear
 r - a scroll of enchant armour {unknown}
 t - 5 scrolls of teleportation
Potions
 e - 2 potions of mutation {unknown}
 f - a potion of resistance {unknown}
 g - a potion of attraction {unknown}
 h - a potion of haste
 i - 3 potions of brilliance
 k - 4 potions of ambrosia {unknown}
 m - a potion of enlightenment {unknown}
 n - 3 potions of curing {unknown}
 s - a potion of cancellation {unknown}
 u - a potion of magic {unknown}
 v - a potion of berserk rage {unknown}


   Skills:
 + Level 6.2 Fighting
 + Level 6.5 Dodging
 * Level 9.6 Unarmed Combat
 * Level 8.9 Shapeshifting


You had 8 spell levels left.
You didn't know any spells.
Your spell library contained the following spells:

 Spells                   Type           Power      Damage    Failure   Level
 Ensorcelled Hibernation  Hex/Ice        0%         N/A       45%         2
 Ozocubu's Armour         Ice            0%         N/A       69%         3
 Passwall                 Erth           0%         N/A       69%         3
 Swiftness                Air            0%         N/A       69%         3
 Metabolic Englaciation   Hex/Ice        0%         N/A       100%        5
 Sculpt Simulacrum        Ice/Alch       0%         N/A       100%        6


Dungeon Overview and Level Annotations

Branches:
Dungeon (6/15) Zot: 26349  Temple (1/1) D:6 Zot: 5827   Sewer (visited)

Altars:
Ashenzari
Cheibriados
Dithmenos
Elyvilon
Fedhas
Gozag
Hepliaklqana
Kikubaaqudgha
Makhleb
Nemelex Xobeh
Okawaru
Qazlal
Ru
Sif Muna
Trog
Vehumet
Wu Jian
Xom
Zin

Shops:
D:5 [


Innate Abilities, Weirdness & Mutations

You are a hulking beast.
Your limbs bulge with bestial killing power. (Slay +4)
You cannot wear most types of armour.
You are amphibious.
You can wear up to eight rings at the same time.
Your skin changes colour to match your surroundings (Stealth+).
Your rubbery body absorbs attacks. (AC +1, EV +1)
You are camouflaged when in or above water. (Stealth+)
You have tentacles for arms and can constrict up to eight enemies at once.


Message History

The gnoll is almost dead.
You constrict the gnoll.
You kill the gnoll!
The Council accepts your kill.
You feel sick. Something completely misses you.
You feel sick. The gnoll bouda closely misses you.
You hear some strange, mumbled words.
A puff of flame appears from out of thin air!
The puff of flame misses you.
Things that are here:
17 gold pieces; a +0 spear; a gnoll corpse You miss something.
You feel sick. The gnoll bouda misses you. Something hits you.
You are more poisoned.
You enter the deep water.
Your attacks no longer feel as feeble.
You feel very sick.
The gnoll bouda attacks as it pursues you!
The gnoll bouda hits you with a +0 whip!
You feel sick.
You feel sick.
You feel sick.
You feel sick.
You hear some strange, mumbled words.
You are confused.
You feel sick.
You feel sick.
You feel sick.
An orc wizard appears from thin air!
Reactivating autopickup.
You feel sick.
You are no longer poisoned.
The gnoll is no longer moving quickly.
The orc wizard points at you and mumbles some strange words.
The puff of flame misses you.
You are engulfed in a cloud of scalding steam.
* * * LOW HITPOINT WARNING * * *
You feel less confused.
The orc wizard gestures at you while chanting.
The magic dart hits you!
You die...

o........................
.........≈≈≈≈≈...........
......g≈≈≈≈≈≈≈≈~......>..
.....≈≈≈≈≈≈≈≈$)≈≈≈....###
....≈≈≈≈≈≈)..~≈≈≈≈≈...#..
....≈≈≈≈≈≈†>.≈≈≈≈≈≈...#..
....≈≈≈≈≈≈go$≈≈≈≈≈≈...###
###.≈≈≈≈≈§§≈≈≈≈≈≈≈≈......
.....≈≈§h≈≈≈≈≈≈≈≈≈.......
.......≈≈≈≈≈≈≈≈≈........)
#'#.....h≈≈≈≈≈...........
....................#####
.........#..#......#..
.........#..#......#...
.........'..#......# ..
........#.##......#


You could see a black bear, a gnoll bouda, an orc wizard and a gnoll.

Vanquished Creatures
  Maggie (D:6)
  Pargi (Sewer)
  An orc warrior (D:6)
  An ice beast (D:5)
  2 centaurs
  A phantom (D:6)
  2 brain worms (Sewer)
  A scorpion (D:6)
  A wight (D:3)
  2 howler monkeys
  A bombardier beetle (D:3)
  A gnoll bouda (D:3)
  2 orc priests (D:5)
  A sleepcap (D:5)
  2 iguanas
  3 orc wizards
  4 adders
  14 gnolls
  2 dart slugs
  3 ribbon worms
  25 orcs
  5 endoplasms
  7 giant cockroaches
  7 goblins
  5 hobgoblins
  2 jackals (D:1)
  A quokka (D:3)
  10 ball pythons
  3 bats
  5 frilled lizards
  2 kobolds (D:4)
  5 rats
123 creatures vanquished.

Notes
Turn   | Place    | Note
-------+----------+-------------------------------------------
     0 | D:1      | dorian the Octopode Shapeshifter began the quest for the
                  | Orb.
     0 | D:1      | Reached XP level 1. HP: 13/13 MP: 1/1
   220 | D:1      | Reached XP level 2. HP: 18/18 MP: 2/2
   473 | D:2      | Reached XP level 3. HP: 11/23 MP: 3/3
  1019 | D:2      | Reached skill level 7 in Unarmed Combat
  1019 | D:2      | Reached XP level 4. HP: 34/34 MP: 4/4
  1020 | D:2      | Reached skill level 5 in Fighting
  1020 | D:2      | Reached skill level 8 in Unarmed Combat
  1020 | D:2      | Reached XP level 5. HP: 41/41 MP: 5/5
  1175 | D:3      | Reached skill level 9 in Unarmed Combat
  1177 | D:3      | Reached XP level 6. HP: 43/46 MP: 6/6
  2309 | D:4      | Reached XP level 7. HP: 38/50 MP: 7/7
  3043 | D:5      | Entered Level 5 of the Dungeon
  3108 | D:5      | Found a glowing drain.
  3129 | Sewer    | Entered a sewer
  3171 | Sewer    | Noticed Pargi
  3189 | Sewer    | Killed Pargi
  3270 | Sewer    | Reached XP level 8. HP: 51/57 MP: 8/8
  3836 | D:5      | Found Gugihape's Antique Armour Emporium.
  3852 | D:5      | Noticed a two-headed ogre
  3893 | D:6      | HP: 2/57 [orc warrior/+0 dire flail (16)]
  4034 | D:6      | Found a sacrificial altar of Ru.
  4074 | D:6      | Found a staircase to the Ecumenical Temple.
  4108 | Temple   | Entered the Ecumenical Temple
  4260 | Temple   | Became a worshipper of the Wu Jian Council
  4397 | D:6      | Noticed Maggie
  4405 | D:6      | Killed Maggie
  4535 | D:6      | Reached XP level 9. HP: 43/62 MP: 9/9
  4696 | D:6      | Killed from afar by an orc wizard

Illustrated notes

Levels and vault maps discovered:
D:1:      wander_arrival_abandoned_jail, layout_rooms, serial_glass,
          glass_columns_b, glass_columns_b
D:2:      layout_rooms
D:3:      minmay_bubble_buster, layout_basic, chequers_serial_rivers_micro_a,
          nicolae_grassy_gnolls
D:4:      layout_basic, feat_on_display
D:5:      layout_basic, serial_shops, nicolae_shop_window_shopping,
          portal_sewer_entry_b
D:6:      layout_gridville, minitemple, nicolae_ru_awakened_eye, temple_pool_b,
          uniq_eustachio, uniq_maggie
Temple:   regret_index_temple_chain_breaker

Skill      XL: |  1  2  3  4  5  6  7  8 |
---------------+-------------------------+-----
Fighting       | 4 5 6 |  6.2
Dodging        | 4 6 |  6.5
Unarmed Combat | 7 8 9 |  9.6
Shapeshifting  | 6 8 |  8.9

Action                     |  1- 3 |  4- 6 |  7- 9 || total
---------------------------+-------+-------+-------++-------
  Melee: Unarmed           |    39 |    61 |   125 ||   225
         Constrict         |     9 |    12 |    24 ||    45
         Tentacles         |     7 |     8 |    27 ||    42
         Punch             |     1 |     1 |     9 ||    11
Ability: Lunge             |       |       |     3 ||     3
    Use: Scroll            |     3 |     2 |     4 ||     9
         Potion            |     1 |     1 |     5 ||     7
   Stab: Sleeping          |     5 |     7 |     6 ||    18
 Armour: Skin              |    13 |    25 |    78 ||   116
  Dodge: Dodged            |    15 |    17 |    80 ||   112
